 Dungeon Crawl Stone Soup version 0.29.0-13-gc9e81de378 (webtiles) character file.

Game seed: 2177019853741929363

70 Malachi the Cutter (level 4, -3/33 HPs)
             Began as a Demonspawn Brigand on Sept 7, 2022.
             Killed from afar by Natasha (6 damage)
             ... with a magic dart
             ... on level 3 of the Dungeon.
             The game lasted 00:02:39 (2127 turns).

Malachi the Cutter (Demonspawn Brigand)             Turns: 2127, Time: 00:02:40

Health: -3/33      AC: 14    Str: 11    XL:     4   Next: 3%
Magic:  4/4        EV:  4    Int: 13    God:
Gold:   125        SH:  0    Dex: 16    Spells: 3/3 levels left

rFire   . . .      SeeInvis .   a - +2 dagger
rCold   . . .      Faith    .   (no shield)
rNeg    . . .      Spirit   .   q - +3 chain mail {Will+}
rPois   .          Reflect  .   (no helmet)
rElec   .          Harm     .   c - +0 cloak
rCorr   .          Rampage  .   (no gloves)
Will    +....                   f - +1 pair of boots
Stlth   ..........              (no amulet)
HPRegen 0.11/turn               (no ring)
MPRegen 0.09/turn               (no ring)

@: no status effects
A: claws 2, ignite blood 1
a: no special abilities


You were on level 3 of the Dungeon.
You visited 1 branch of the dungeon, and saw 3 of its levels.

You collected 125 gold pieces.

Inventory:

Hand Weapons
 a - a +2 dagger (weapon)
 o - a +0 short sword
Missiles
 d - 9 poisoned darts (quivered)
Armour
 b - a +0 robe
 c - a +0 cloak (worn)
 f - a +1 pair of boots (worn)
 q - a +3 chain mail of willpower (worn)
Scrolls
 j - 2 scrolls of vulnerability {unknown}
 k - a scroll of amnesia {unknown}
 m - a scroll of blinking {unknown}
 p - a scroll of identify {unknown}
 r - 3 scrolls of immolation {unknown}
Potions
 g - 2 potions of might {unknown}
 h - a potion of invisibility {unknown}
 i - a potion of mutation {unknown}
 l - 2 potions of brilliance {unknown}
 n - a potion of resistance {unknown}
 s - a potion of attraction {unknown}


   Skills:
 - Level 2.0 Fighting
 + Level 3.9 Short Blades
 - Level 1.7 Throwing
 - Level 0.8 Dodging
 - Level 3.6 Stealth


You had 3 spell levels left.
You didn't know any spells.
Your spell library contained the following spells:

 Spells                   Type           Power      Damage    Failure   Level
 Conjure Flame            Conj/Fire      0%         6-21      100%        3
 Ignite Poison            Fire/Tmut/Pois 0%         N/A       100%        3
 Tukima's Dance           Hex            0%         N/A       100%        3
 Passage of Golubria      Tloc           0%         N/A       100%        4
 Sticky Flame             Conj/Fire      0%         2d3       100%        4
 Yara's Violent Unravell  Hex/Tmut       0%         3d3       100%        5


Dungeon Overview and Level Annotations

Branches:
Dungeon (3/15)

Altars:

Annotations:
D:3 Natasha


Innate Abilities, Weirdness & Mutations

You have very sharp fingernails.
Your demonic aura sometimes causes spilled blood to erupt in flames.


Message History

The curare-tipped dart hits the endoplasm.
Unknown command.
Throw: 2 darts (curare)
Press: ? - help, Q - select action, (/) - cycle Shift-Dir - straight line, f/p - Natasha
Aim: Natasha (53% to hit)
You throw a curare-tipped dart.
The curare-tipped dart barely misses Natasha.
The curare-tipped dart hits the orc.
The orc is poisoned.
The orc convulses.
You kill the orc!
Natasha mumbles some strange words.
You feel troubled. Natasha barely misses you.
You are too injured to fight recklessly!
You are too injured to fight recklessly!
You are too injured to fight recklessly!
Throw: dart (curare)
Press: ? - help, Q - select action, (/) - cycle Shift-Dir - straight line, f/p - Natasha
Aim: Natasha (53% to hit)
You throw a curare-tipped dart.
The curare-tipped dart closely misses Natasha.
The curare-tipped dart barely misses the endoplasm.
The curare-tipped dart hits the shadow imp.
Natasha claws you but does no damage.
Unknown command.
You are too injured to fight recklessly!
You are too injured to fight recklessly!
You closely miss Natasha. Natasha barely misses you.
You hit Natasha.
Natasha is lightly wounded.
Natasha mewls in sadness.
Natasha claws you but does no damage.
You barely miss Natasha.
Natasha is lightly wounded.
Natasha claws you!
* * * LOW HITPOINT WARNING * * *
You closely miss Natasha.
Natasha is lightly wounded.
Natasha stares at you and mumbles some strange words.
The magic dart hits you.
You die...

......... #.... #........
... #........ ... #........
... #........ #.# #......$.
#.# #).......
#.###########........
#<#.......@hJ5.......
#######.#.#########........
..........# #########
###########


You could see Natasha, a shadow imp (summoned) and an endoplasm.

Vanquished Creatures
  Terence (D:2)
  An adder (D:2)
  2 orcs (D:3)
  5 endoplasms
  4 giant cockroaches
  2 goblins
  4 hobgoblins
  8 ball pythons
  4 bats
  2 frilled lizards
  A kobold (D:2)
  A rat (D:1)
35 creatures vanquished.

Notes
Turn   | Place    | Note
-------+----------+-------------------------------------------
     0 | D:1      | Malachi the Demonspawn Brigand began the quest for the Orb.
     0 | D:1      | Reached XP level 1. HP: 16/16 MP: 1/1
    97 | D:1      | Found a faded altar of an unknown god.
   154 | D:1      | Gained mutation: You have sharp fingernails. [demonic
                  | ancestry]
   154 | D:1      | Reached XP level 2. HP: 20/22 MP: 2/2
  1039 | D:2      | Gained mutation: You have very sharp fingernails. [demonic
                  | ancestry]
  1039 | D:2      | Reached XP level 3. HP: 7/27 MP: 3/3
  1387 | D:2      | Noticed Terence
  1409 | D:2      | Killed Terence
  2103 | D:3      | Gained mutation: Your demonic aura sometimes causes spilled
                  | blood to erupt in flames. [demonic ancestry]
  2103 | D:3      | Reached XP level 4. HP: 33/33 MP: 4/4
  2103 | D:3      | Noticed Natasha
  2127 | D:3      | Killed from afar by Natasha

Illustrated notes

Levels and vault maps discovered:
D:1:      shiori_arrival_oz, layout_loops_cross,
          shapermc_ecumenical_altar_mp_urbaneastern, minmay_pentomino_q4
D:2:      layout_loops_cross, uniq_terence
D:3:      layout_basic, old_standard_altar, serial_shops,
          nicolae_shop_statue_plus, minmay_fractal_squares_gapless_5,
          uniq_natasha

Skill      XL: |  1  2 |
---------------+-------+-----
Short Blades   | 2 3 |  3.9
Fighting       | |  2.0
Throwing       | |  1.7
Dodging        | |  0.8
Stealth        | |  3.6

Action                   |  1- 3 |  4- 6 || total
-------------------------+-------+-------++-------
Melee: Dagger            |   126 |    15 ||   141
Throw: Dart              |     1 |     3 ||     4
 Stab: Sleeping          |     6 |       ||     6
Armor: Robe              |    32 |       ||    32
       Chain mail        |    13 |    11 ||    24
Dodge: Dodged            |    46 |     3 ||    49
